TOP OF THE 1ST |
Montgomery Biscuits batting - Pitching for Santa Fe Diablos : RHP Jesús Medina
|
Pitching: RHP Jesús Medina
|
|
Batting: RHB Dave Sawyer
|
0-0: Ball 1-0: Called Strike 1-1: SINGLE (Line Drive, 7LS)
|
Batting: RHB Marvin Kidd
|
0-0: Ball 1-0: Ground out 5-3 (Groundball, 56S) Dave Sawyer to second
|
Batting: LHB Ron Young
|
0-0: Called Strike 0-1: Ball 1-1: Ball 2-1: Foul Ball, location: 2F 2-2: Ball 3-2: DOUBLE (Flyball, 8LXD) Dave Sawyer scores
|
Batting: LHB Amlak Saitoti
|
0-0: Called Strike 0-1: Called Strike Ron Young steals 3rd base 0-2: Ball 1-2: Ball 2-2: Foul Ball, location: 2F 2-2: Ground out 1-3 (Groundball, 15S)
|
Batting: SHB Kenneth Cruz
|
0-0: Called Strike 0-1: Ball 1-1: Ground out 5-3 (Groundball, 56S)
|
Top of the 1st over - 1 run, 2 hits, 0 errors, 1 left on base; Montgomery 1 - Santa Fe 0 |
BOTTOM OF THE 1ST |
Santa Fe Diablos batting - Pitching for Montgomery Biscuits : RHP Cody Nichols
|
Pitching: RHP Cody Nichols
|
|
Batting: LHB David Hernández
|
0-0: Ball 1-0: Ball 2-0: Called Strike 2-1: Ground out 3-1 (Groundball, 34S)
|
Batting: LHB Juan Torres
|
0-0: Called Strike 0-1: Ball 1-1: Swinging Strike 1-2: Ball 2-2: Foul Ball, location: 2F 2-2: Ball 3-2: Foul Ball, location: 2F 3-2: Strikes out looking
|
Batting: LHB Merrill Erickson
|
0-0: Ball 1-0: Called Strike 1-1: Ball 2-1: Ball 3-1: Base on Balls
|
Batting: LHB Arturo Rodledo
|
0-0: Ball 1-0: Ball 2-0: Fly out, F8 (Flyball, 78M)
|
Bottom of the 1st over - 0 runs, 0 hits, 0 errors, 1 left on base; Montgomery 1 - Santa Fe 0 |
TOP OF THE 2ND |
Montgomery Biscuits batting - Pitching for Santa Fe Diablos : RHP Jesús Medina
|
Batting: LHB António Fernández
|
0-0: Ball 1-0: Called Strike 1-1: Called Strike 1-2: Ball 2-2: Strikes out swinging, 2-3 out at first.
|
Batting: SHB Joe Pierce
|
0-0: Ball 1-0: Ground out 5-3 (Groundball, 56)
|
Batting: RHB Greg Williams
|
0-0: Ball 1-0: Ball 2-0: Ball 3-0: Called Strike 3-1: Foul Ball, location: 2F 3-2: Base on Balls
|
Batting: RHB António Nevárez
|
0-0: Ball 1-0: Ball 2-0: Called Strike 2-1: Called Strike 2-2: Strikes out swinging
|
Top of the 2nd over - 0 runs, 0 hits, 0 errors, 1 left on base; Montgomery 1 - Santa Fe 0 |
BOTTOM OF THE 2ND |
Santa Fe Diablos batting - Pitching for Montgomery Biscuits : RHP Cody Nichols
|
Now in CF: Marcos Féliz
|
|
Batting: RHB Frank Martínez
|
0-0: Ball 1-0: Ball 2-0: Called Strike 2-1: SOLO HOME RUN (Flyball, 9D), Distance : 346 ft
|
Batting: RHB Luis Mercado
|
0-0: Ball 1-0: Ball 2-0: DOUBLE (Line Drive, 7LM)
|
Batting: RHB Bruce Foley
|
0-0: Ball 1-0: Swinging Strike 1-1: Ball 2-1: DOUBLE (Line Drive, 9LD) Luis Mercado scores
|
Batting: LHB Luis Gallegos
|
0-0: Ball 1-0: Ball 2-0: SINGLE (Flyball, 7LS) Bruce Foley to third
|
Batting: SHB Ed Dundee
|
0-0: Foul Ball, location: 2F 0-1: Ball 1-1: Swinging Strike 1-2: Strikes out looking
|
Batting: LHB David Hernández
|
0-0: Called Strike 0-1: Called Strike 0-2: Foul Ball, location: 2F 0-2: Strikes out swinging
|
Batting: LHB Juan Torres
|
0-0: Fly out, F7 (Line Drive, 7)
|
Bottom of the 2nd over - 2 runs, 4 hits, 0 errors, 2 left on base; Montgomery 1 - Santa Fe 2 |
TOP OF THE 3RD |
Montgomery Biscuits batting - Pitching for Santa Fe Diablos : RHP Jesús Medina
|
Batting: RHB Dave Sawyer
|
0-0: Called Strike 0-1: Foul Ball, location: 2F 0-2: Foul Ball, location: 2F 0-2: Strikes out looking
|
Batting: LHB Marcos Féliz
|
0-0: Foul Ball, location: 2F 0-1: Ball 1-1: Ball 2-1: Ball 3-1: Swinging Strike 3-2: Strikes out swinging
|
Batting: LHB Ron Young
|
0-0: Ball 1-0: Called Strike 1-1: Ball 2-1: DOUBLE (Flyball, 8LD)
|
Batting: LHB Amlak Saitoti
|
0-0: Ball 1-0: SINGLE (Groundball, 34D) Ron Young to third Runner from 3rd tries for Home, SAFE, no throw
|
Batting: SHB Kenneth Cruz
|
0-0: Ball 1-0: Called Strike 1-1: Ball 2-1: Ball Amlak Saitoti steals 2nd base 3-1: Foul Ball, location: 2F 3-2: Foul Ball, location: 2F 3-2: Foul Ball, location: 2F 3-2: DOUBLE (Flyball, 7LD) Amlak Saitoti scores
|
Batting: LHB António Fernández
|
0-0: Foul Ball, location: 2F 0-1: Hit by Pitch
|
Batting: SHB Joe Pierce
|
0-0: Ball 1-0: Called Strike 1-1: Foul Ball, location: 2F 1-2: Ball 2-2: Foul Ball, location: 2F 2-2: Ground out U3 (Groundball, 3)
|
Top of the 3rd over - 2 runs, 3 hits, 0 errors, 2 left on base; Montgomery 3 - Santa Fe 2 |
BOTTOM OF THE 3RD |
Santa Fe Diablos batting - Pitching for Montgomery Biscuits : RHP Cody Nichols
|
Batting: LHB Merrill Erickson
|
0-0: Ball 1-0: Foul Ball, location: 2F 1-1: Ball 2-1: Ball 3-1: Base on Balls
|
Batting: LHB Arturo Rodledo
|
0-0: Ball 1-0: Ball 2-0: Ball 3-0: Called Strike 3-1: Called Strike 3-2: Fly out, F8 (Flyball, 8RXD)
|
Batting: RHB Frank Martínez
|
0-0: Ball 1-0: Ball 2-0: Foul Ball, location: 2F 2-1: Grounds into double play, 6-4-3 (Groundball, 6)
|
Bottom of the 3rd over - 0 runs, 0 hits, 0 errors, 0 left on base; Montgomery 3 - Santa Fe 2 |
TOP OF THE 4TH |
Montgomery Biscuits batting - Pitching for Santa Fe Diablos : RHP Jesús Medina
|
Batting: RHB Greg Williams
|
0-0: Ball 1-0: Foul Ball, location: 2F 1-1: Ball 2-1: Called Strike 2-2: Strikes out swinging
|
Batting: RHB António Nevárez
|
0-0: Called Strike 0-1: Ball 1-1: Swinging Strike 1-2: Ball 2-2: Ball 3-2: Strikes out swinging
|
Batting: RHB Dave Sawyer
|
0-0: Called Strike 0-1: Called Strike 0-2: Ground out U3 (Groundball, 34S)
|
Top of the 4th over - 0 runs, 0 hits, 0 errors, 0 left on base; Montgomery 3 - Santa Fe 2 |
BOTTOM OF THE 4TH |
Santa Fe Diablos batting - Pitching for Montgomery Biscuits : RHP Cody Nichols
|
Batting: RHB Luis Mercado
|
0-0: Called Strike 0-1: Ball 1-1: Foul Ball, location: 2F 1-2: Ground out 5-3 (Groundball, 5S)
|
Batting: RHB Bruce Foley
|
0-0: Ball 1-0: Ball 2-0: Called Strike 2-1: Foul Ball, location: 2F 2-2: Ball 3-2: Base on Balls
|
Batting: LHB Luis Gallegos
|
0-0: Ball 1-0: Fly out, F9 (Flyball, 9LSF)
|
Batting: SHB Ed Dundee
|
Pickoff Throw to First - Out!
|
Bottom of the 4th over - 0 runs, 0 hits, 0 errors, 0 left on base; Montgomery 3 - Santa Fe 2 |
TOP OF THE 5TH |
Montgomery Biscuits batting - Pitching for Santa Fe Diablos : RHP Jesús Medina
|
Batting: LHB Marcos Féliz
|
0-0: Called Strike 0-1: Ball 1-1: Fly out, F3 (Line Drive, 3)
|
Batting: LHB Ron Young
|
0-0: Foul Ball, location: 2F 0-1: Ball 1-1: Ball 2-1: Foul Ball, location: 2F 2-2: Fly out, F9 (Flyball, 9S)
|
Batting: LHB Amlak Saitoti
|
0-0: SINGLE (Groundball, 4M) (infield hit)
|
Batting: SHB Kenneth Cruz
|
0-0: Ball 1-0: Ball Pickoff Throw to First - Out!
|
Top of the 5th over - 0 runs, 1 hit, 0 errors, 0 left on base; Montgomery 3 - Santa Fe 2 |
BOTTOM OF THE 5TH |
Santa Fe Diablos batting - Pitching for Montgomery Biscuits : RHP Cody Nichols
|
Batting: SHB Ed Dundee
|
0-0: Ground out 6-3 (Groundball, 6)
|
Batting: LHB David Hernández
|
0-0: Ball 1-0: Swinging Strike 1-1: Foul Ball, location: 2F 1-2: Strikes out looking
|
Batting: LHB Juan Torres
|
0-0: Ball 1-0: Ball 2-0: Ground out 4-3 (Groundball, 4M)
|
Bottom of the 5th over - 0 runs, 0 hits, 0 errors, 0 left on base; Montgomery 3 - Santa Fe 2 |
TOP OF THE 6TH |
Montgomery Biscuits batting - Pitching for Santa Fe Diablos : RHP Jesús Medina
|
Batting: SHB Kenneth Cruz
|
0-0: Ground out 3-1 (Groundball, 34)
|
Batting: LHB António Fernández
|
0-0: Ball 1-0: Hit by Pitch
|
Batting: SHB Joe Pierce
|
0-0: Called Strike 0-1: Ball 1-1: SINGLE (Flyball, 7S) António Fernández to second
|
Batting: RHB Greg Williams
|
0-0: Fly out, F8 (Flyball, 8RD) Runner from 2nd tags up, SAFE at 3rd with throw
|
Batting: RHB António Nevárez
|
0-0: Ball 1-0: Ball 2-0: Foul Ball, location: 2F 2-1: Reached via error on a dropped throw, E3 António Fernández scores Joe Pierce to second
|
Batting: RHB Dave Sawyer
|
0-0: Called Strike 0-1: Ground out 6-3 (Groundball, 6M)
|
Top of the 6th over - 1 run, 1 hit, 1 error, 2 left on base; Montgomery 4 - Santa Fe 2 |
BOTTOM OF THE 6TH |
Santa Fe Diablos batting - Pitching for Montgomery Biscuits : RHP Cody Nichols
|
Batting: LHB Merrill Erickson
|
0-0: Ball 1-0: Called Strike 1-1: Called Strike 1-2: Foul Ball, location: 2F 1-2: Ball 2-2: Foul Ball, location: 2F 2-2: Ball 3-2: SINGLE (Flyball, 89S)
|
Batting: LHB Arturo Rodledo
|
0-0: Foul Ball, location: 2F 0-1: Fielders Choice at 2nd, 1-6 (Groundball, 13)
|
Batting: RHB Frank Martínez
|
0-0: Ball 1-0: Called Strike 1-1: Ball 2-1: Fly out, F7 (Line Drive, 7S)
|
Batting: RHB Luis Mercado
|
0-0: Ball 1-0: Fielders Choice at 2nd, 6-4 (Groundball, 6D)
|
Bottom of the 6th over - 0 runs, 1 hit, 0 errors, 1 left on base; Montgomery 4 - Santa Fe 2 |
TOP OF THE 7TH |
Montgomery Biscuits batting - Pitching for Santa Fe Diablos : RHP Jesús Medina
|
Pitching: RHP Héctor Rodríguez
|
|
Batting: LHB Marcos Féliz
|
0-0: Ball 1-0: Called Strike 1-1: Ball 2-1: Ground out U3 (Groundball, 3)
|
Batting: LHB Ron Young
|
0-0: Swinging Strike 0-1: Ball 1-1: Foul Ball, location: 2F 1-2: Strikes out looking
|
Batting: LHB Amlak Saitoti
|
0-0: Called Strike 0-1: Fly out, F8 (Flyball, 8RM)
|
Top of the 7th over - 0 runs, 0 hits, 0 errors, 0 left on base; Montgomery 4 - Santa Fe 2 |
BOTTOM OF THE 7TH |
Santa Fe Diablos batting - Pitching for Montgomery Biscuits : RHP Cody Nichols
|
Batting: RHB Bruce Foley
|
0-0: Called Strike 0-1: Ball 1-1: Foul Ball, location: 2F 1-2: Ball 2-2: Foul Ball, location: 2F 2-2: Foul Ball, location: 2F 2-2: Strikes out swinging
|
Batting: LHB Luis Gallegos
|
0-0: Ball 1-0: Foul Ball, location: 2F 1-1: DOUBLE (Groundball, 3L)
|
Pitching: LHP Jared Steele
|
|
Batting: SHB Ed Dundee
|
0-0: Ground out 1-3 (Groundball, 15)
|
Batting: LHB David Hernández
|
0-0: Swinging Strike 0-1: Swinging Strike 0-2: Ball 1-2: SINGLE (Flyball, 78S) Luis Gallegos to third Runner from 3rd tries for Home, SAFE, no throw
|
Batting: LHB Juan Torres
|
0-0: Ball 1-0: Ball 2-0: Foul Ball, location: 2F 2-1: Foul Ball, location: 2F 2-2: Ground out 6-3 (Groundball, 56D)
|
Bottom of the 7th over - 1 run, 2 hits, 0 errors, 1 left on base; Montgomery 4 - Santa Fe 3 |
TOP OF THE 8TH |
Montgomery Biscuits batting - Pitching for Santa Fe Diablos : RHP Héctor Rodríguez
|
Batting: SHB Kenneth Cruz
|
0-0: Called Strike 0-1: Ball 1-1: Foul Ball, location: 2F 1-2: Strikes out swinging
|
Batting: LHB António Fernández
|
0-0: Fly out, F8 (Flyball, 78D)
|
Batting: SHB Joe Pierce
|
0-0: Ball 1-0: Foul Ball, location: 2F 1-1: Ball 2-1: Swinging Strike 2-2: Strikes out swinging
|
Top of the 8th over - 0 runs, 0 hits, 0 errors, 0 left on base; Montgomery 4 - Santa Fe 3 |
BOTTOM OF THE 8TH |
Santa Fe Diablos batting - Pitching for Montgomery Biscuits : LHP Jared Steele
|
Now in LF: Gilbert Stegall
|
|
Batting: LHB Merrill Erickson
|
0-0: Called Strike 0-1: Ball 1-1: Foul Ball, location: 2F 1-2: Ground out 6-3 (Groundball, 56)
|
Batting: LHB Arturo Rodledo
|
0-0: Ball 1-0: Ball 2-0: Called Strike 2-1: Ball 3-1: Fly out, F8 (Flyball, 8RM)
|
Batting: RHB Frank Martínez
|
0-0: Swinging Strike 0-1: Foul Ball, location: 2F 0-2: SINGLE (Groundball, 25) (infield hit)
|
Batting: RHB Luis Mercado
|
0-0: Hit by Pitch Frank Martínez to second
|
Batting: RHB Bruce Foley
|
0-0: Fly out, F8 (Flyball, 8LS)
|
Bottom of the 8th over - 0 runs, 1 hit, 0 errors, 2 left on base; Montgomery 4 - Santa Fe 3 |
TOP OF THE 9TH |
Montgomery Biscuits batting - Pitching for Santa Fe Diablos : RHP Héctor Rodríguez
|
Batting: RHB Greg Williams
|
0-0: Ball 1-0: Foul Ball, location: 2F 1-1: Swinging Strike 1-2: Ball 2-2: Strikes out looking
|
Batting: RHB António Nevárez
|
0-0: Ball 1-0: SINGLE (Flyball, 89S)
|
Pinch Hitting: LHB Francisco Romo
|
0-0: Ball António Nevárez steals 2nd base 1-0: SINGLE (Line Drive, 9LS) António Nevárez to third
|
Batting: LHB Marcos Féliz
|
0-0: SINGLE (Flyball, 3D) António Nevárez scores Francisco Romo to second Runner from 2nd tries for 3rd, SAFE, throw made to third
|
Batting: LHB Ron Young
|
0-0: Ball 1-0: Called Strike 1-1: Ball 2-1: Foul Ball, location: 2F 2-2: Ball Throwing error on steal attempt, E2 Francisco Romo scores Marcos Féliz to third 3-2: Intentional Walk
|
Pitching: LHP Bernardo Dodson
|
|
Batting: LHB Amlak Saitoti
|
0-0: Ball 1-0: Fielders Choice at 2nd, 4-6 (Groundball, 4) Marcos Féliz scores
|
Batting: SHB Kenneth Cruz
|
0-0: Called Strike Amlak Saitoti steals 2nd base 0-1: Swinging Strike 0-2: Ball 1-2: Foul Ball, location: 2F 1-2: Fly out, F8 (Flyball, 8RD)
|
Top of the 9th over - 3 runs, 3 hits, 1 error, 1 left on base; Montgomery 7 - Santa Fe 3 |
BOTTOM OF THE 9TH |
Santa Fe Diablos batting - Pitching for Montgomery Biscuits : LHP Jared Steele
|
Pitching: LHP Mike Waller
|
|
Now at SS: Lawrence Farley
|
|
Batting: LHB Luis Gallegos
|
0-0: Ball 1-0: Fly out, F7 (Flyball, 7LSF)
|
Batting: SHB Ed Dundee
|
0-0: Ground out 5-3 (Groundball, 56)
|
Batting: LHB David Hernández
|
0-0: Ball 1-0: Fly out, F8 (Flyball, 8LS)
|
Bottom of the 9th over - 0 runs, 0 hits, 0 errors, 0 left on base; Montgomery 7 - Santa Fe 3 |
|